 Dungeon Crawl Stone Soup version 0.31-a0-149-g3fdcc5976a (webtiles) character file.

Game seed: 14101486265971247132

138 jlumianski the Magician (level 5, 0/36 HPs)
             Began as a Djinni Fire Elementalist on June 8, 2023.
             Slain by an iguana (12 damage)
             ... on level 4 of the Dungeon.
             The game lasted 00:11:58 (2806 turns).

jlumianski the Magician (Djinni Fire Elementalist)  Turns: 2806, Time: 00:11:59

Health: 0/36       AC:  2    Str:  7    XL:     5   Next: 45%
Gold:   139        EV: 13    Int: 18    God:
                   SH:  0    Dex: 14

rFire   + + .        c - +0 dagger
rCold   x . .        (no shield)
rNeg    . . .        a - +0 robe
rPois   ∞            (no helmet)
rElec   .            (no cloak)
rCorr   .            (no gloves)
SInv    .            (boots unavailable)
Will    .....        (no amulet)
Stlth   ++           (no ring)
HPRegen 0.26/turn    (no ring)
MPRegen 0.00/turn

%: infuse magic (-1 HP)
@: flying
A: sickness immunity, fire resistance 2, cold vulnerability 1, float, innate
caster, HP casting, extra vitality 1
a: no special abilities


You were on level 4 of the Dungeon.
You visited 1 branch of the dungeon, and saw 5 of its levels.

You collected 189 gold pieces.
You spent 50 gold pieces at shops.

Inventory:

Hand Weapons
 c - a +0 dagger (weapon)
Missiles
 i - 6 poisoned darts
Armour
 a - a +0 robe (worn)
Scrolls
 e - a scroll of immolation
 f - a scroll of teleportation
 h - a scroll of blinking
 j - a scroll of vulnerability
 m - a scroll of identify
Potions
 b - a potion of degeneration
 d - 3 potions of curing
 g - a potion of brilliance
 k - 2 potions of enlightenment
 l - 2 potions of heal wounds


   Skills:
 + Level 0.8 Fighting
 + Level 0.4 Short Blades
 + Level 3.5 Dodging
 + Level 2.8 Stealth
 * Level 3.6 Spellcasting
 * Level 3.6 Conjurations
 * Level 3.6 Hexes
 * Level 3.6 Summonings
 * Level 3.6 Necromancy
 * Level 3.6 Translocations
 * Level 3.6 Transmutations
 * Level 3.6 Fire Magic
 * Level 3.6 Ice Magic
 * Level 3.6 Air Magic
 * Level 3.6 Earth Magic
 * Level 3.6 Poison Magic


You knew the following spells:

 Your Spells              Type           Power      Damage    Failure   Level
a - Foxfire               Conj/Fire      64%        2x1d7     3%          1
b - Scorch                Fire           32%        2d6       5%          2
c - Volatile Blastmotes   Fire/Tloc      32%        2d12      11%         3
d - Inner Flame           Hex/Fire       16%        N/A       11%         3
e - Flame Wave            Conj/Fire      16%        2d7       34%         4
f - Slow                  Hex            64%        N/A       3%          1
g - Wereblood             Tmut           16%        N/A       5%          2
Your spell library was empty.

Dungeon Overview and Level Annotations

Branches:
Dungeon (5/15)
 Temple: D:4-7

Altars:

Shops:
D:1 ?


Innate Abilities, Weirdness & Mutations

You are immune to sickness and miasma.
You are immune to poison.
Your flesh is very heat resistant. (rF++)
You are vulnerable to cold. (rC-)
You float through the air rather than walking.
You learn spells naturally, not from books.
Your magical power is your life essence.
You have superior vitality. (+4 MHP)


Message History

There is a stone staircase leading up here.
You now have 139 gold pieces (gained 6).
You reach down and open the door.
An iguana comes into view.
The iguana hisses angrily.
Found a runed rapier.
Casting: Foxfire (safe; 3% risk of failure)
Confirm with . or Enter, or press ? or * to list all spells.
You conjure some foxfire!
The foxfire hits the iguana but does no damage.
The foxfire hits the iguana.
The iguana is moderately wounded.
Casting: Foxfire (safe; 3% risk of failure)
Confirm with . or Enter, or press ? or * to list all spells.
Flames lash the iguana but do no damage.
Casting: Scorch (safe; 5% risk of failure)
Confirm with . or Enter, or press ? or * to list all spells.
You conjure some foxfire!
The iguana bites you!
You hit the iguana but do no damage.
The iguana is moderately wounded.
The foxfire hits the iguana.
The iguana is moderately wounded.
The foxfire hits the iguana.
The iguana is heavily wounded.
The iguana closely misses you.
Casting: Foxfire (safe; 3% risk of failure)
Confirm with . or Enter, or press ? or * to list all spells.
You conjure some foxfire!
An orc comes into view. It is wielding a +0 flail.
The iguana bites you!
You hit the iguana but do no damage.
The iguana is heavily wounded.
The foxfire hits the iguana but does no damage.
The iguana is heavily wounded.
The foxfire hits the iguana.
The iguana is heavily wounded.
The iguana bites you. The iguana barely misses you.
The iguana attacks as you move away! The iguana bites you!
You die...

.. .g......# .. #.#
...l.... . #..#.g......
##. #.....>.... #.. #.##
#.# #.##.....## #..# #.#
#.#...)...# ##.# #.#
#.#.......# #g##
#.####.#.......# #..#
#...<.@##.....#
##.####...###l##...#
#..##....##...##'#######
##....##.##.#......o...$
#>..####....#...........
##### #.).#............
#.#.#..##+#######
#.....## ##...#


You could see an iguana.

Vanquished Creatures
  Jessica (D:2)
  2 adders (D:2)
  4 gnolls (D:3)
  3 dart slugs
  2 orcs
  3 bats (D:1)
  3 endoplasms (D:1)
  4 giant cockroaches
  3 goblins
  5 hobgoblins
  4 quokkas
  6 ball pythons
  A frilled lizard (D:2)
  A kobold (D:3)
  6 rats
48 creatures vanquished.

Vanquished Creatures (others)
  116 foxfires
116 creatures vanquished.

Grand Total: 164 creatures vanquished

Notes
Turn   | Place    | Note
-------+----------+-------------------------------------------
     0 | D:1      | jlumianski the Djinni Fire Elementalist began the quest for
                  | the Orb.
     0 | D:1      | jlumianski set off with the following spells memorised:
                  | Foxfire, Scorch, Volatile Blastmotes, Inner Flame, Flame
                  | Wave.
     0 | D:1      | Reached XP level 1. HP: 15/15 MP: 0/0
   132 | D:1      | Reached XP level 2. HP: 11/21 MP: 0/0
   263 | D:1      | Found a faded altar of an unknown god.
   312 | D:1      | Reached XP level 3. HP: 24/25 MP: 0/0
   312 | D:1      | Learned a level 1 spell: Slow
   535 | D:1      | Found Yxtom's Magic Scroll Emporium.
   538 | D:1      | Bought a scroll of identify for 20 gold pieces
   538 | D:1      | Bought a scroll of teleportation for 30 gold pieces
   882 | D:3      | Noticed Jessica
  1055 | D:2      | Reached XP level 4. HP: 27/31 MP: 0/0
  1070 | D:2      | Killed Jessica
  1564 | D:2      | You are sucked into a shaft and drop 1 floor!
  2011 | D:5      | Entered Level 5 of the Dungeon
  2021 | D:5      | Reached XP level 5. HP: 36/36 MP: 0/0
  2021 | D:5      | Learned a level 2 spell: Wereblood
  2806 | D:4      | Slain by an iguana

Illustrated notes

Levels and vault maps discovered:
D:1:      lightli_arrival_chessboard, layout_rooms,
          hellmonk_ecumenical_altar_arch_garden, serial_shops,
          nicolae_shop_behind_doors
D:2:      layout_basic, minivault_14, nicolae_the_louvre
D:3:      layout_loops_ring, hangedman_glass_teeth, uniq_jessica
D:4:      kennysheep_six_static_rooms, layout_rooms,
          mainiacjoe_overflow_alcove_2, ebering_ghost_gozag
D:5:      layout_cave_pools

Skill      XL: |  1  2 |
---------------+-------+-----
Spellcasting   | |  3.6
Conjurations   | |  3.6
Hexes          | |  3.6
Summonings     | |  3.6
Necromancy     | |  3.6
Translocations | |  3.6
Transmutations | |  3.6
Fire Magic     | |  3.6
Ice Magic      | |  3.6
Air Magic      | |  3.6
Earth Magic    | |  3.6
Poison Magic   | |  3.6
Dodging        | 3 |  3.5
Stealth        | 2 |  2.8
Fighting       | |  0.8
Short Blades   | |  0.4

Action                     |  1- 3 |  4- 6 || total
---------------------------+-------+-------++-------
  Melee: Unarmed           |     2 |       ||     2
         Dagger            |    12 |    15 ||    27
         Punch             |     2 |       ||     2
   Cast: Foxfire           |    40 |    25 ||    65
         Scorch            |       |     7 ||     7
    Use: Scroll            |     4 |     2 ||     6
         Potion            |       |     2 ||     2
   Stab: Sleeping          |       |     1 ||     1
 Armour: Robe              |     4 |     3 ||     7
  Dodge: Dodged            |    17 |    11 ||    28

Table legend: (Time is in decaauts)
 A = Elapsed time spent in this place.
 B = Non-inter-level travel time spent in this place.
 C = Inter-level travel time spent in this place.
 D = Time resting spent in this place.
 E = Time spent auto-exploring this place.
 F = Levels seen in this place.
 G = Mean time per level.
                   A        B        C        D        E       F      G
               +--------+--------+--------+--------+--------+-----+--------+
         Total |   2816 |   2683 |    133 |    115 |   1880 |   5 |  563.2 |
       Dungeon |   2816 |   2683 |    133 |    115 |   1880 |   5 |  563.2 |
               +--------+--------+--------+--------+--------+-----+--------+

Top non-repeatable levels by time:
     D:3: 961 daAuts
     D:2: 946 daAuts
     D:1: 728 daAuts
     D:4: 144 daAuts
     D:5: 36 daAuts
